 Dungeon Crawl Stone Soup version 0.31.0-1-g2c135a0 (webtiles) character file.

Game seed: 12160663286988298304

608 Soloscussion the Chopper (level 7, -2/67 HPs)
             Began as a Troll Fighter on Feb 22, 2024.
             Slain by a gnoll
             ... wielding a +0 halberd
             ... led by a gnoll bouda
              (8 damage)
             ... on level 5 of the Dungeon.
             The game lasted 00:39:23 (3876 turns).

Soloscussion the Chopper (Troll Fighter)            Turns: 3876, Time: 00:39:23

Health: -2/67      AC:  4    Str: 27    XL:     7   Next: 19%
Magic:  6/6        EV:  9    Int:  4    God:
Gold:   233        SH:  8    Dex:  9    Spells: 6/6 levels left

rFire   . . .        a - +0 war axe
rCold   . . .        c - +0 kite shield
rNeg    . . .        b - +0 robe
rPois   .            (helmet restricted)
rElec   .            (no cloak)
rCorr   .            (gloves unavailable)
SInv    .            (boots unavailable)
Will    .....        (no amulet)
Stlth   +            (no ring)
HPRegen 1.11/turn    (no ring)
MPRegen 0.10/turn

%: no passive effects
@: lethally poisoned (-2 -> -10), weakened
A: large, unfitting armour, claws 3, regeneration 1, shaggy fur 1, tough skin 1
a: no special abilities


You were on level 5 of the Dungeon.
You visited 1 branch of the dungeon, and saw 5 of its levels.

You collected 233 gold pieces.

Inventory:

Hand Weapons
 a - a +0 war axe (weapon)
 e - a +0 club
 g - a +0 short sword
 h - a +0 mace
 j - a +0 flail
 x - a +2 vampiric rapier
Armour
 b - a +0 robe (worn)
 c - a +0 kite shield (worn)
 i - a +0 scale mail
 p - a +0 robe
 s - a +0 leather armour
Jewellery
 n - a ring of see invisible
 u - an amulet of magic regeneration
Scrolls
 l - 4 scrolls of teleportation {unknown}
 m - 3 scrolls of identify {unknown}
 r - a scroll of poison {unknown}
 y - a scroll of amnesia
 A - a scroll of fog {unknown}
Potions
 d - a potion of might
 f - a potion of brilliance {unknown}
 k - a potion of mutation {unknown}
 o - a potion of heal wounds {unknown}
 q - 2 potions of degeneration {unknown}
 t - 2 potions of ambrosia {unknown}
 v - a potion of magic {unknown}
 w - a potion of attraction {unknown}
 z - a potion of invisibility {unknown}


   Skills:
 + Level 3.4 Fighting
 + Level 4.6 Axes
 + Level 3.6 Dodging
 + Level 0.6 Stealth
 + Level 3.8 Shields


You had 6 spell levels left.
You didn't know any spells.
Your spell library contained the following spells:

 Spells                   Type           Power      Damage    Failure   Level
 Foxfire                  Conj/Fire      0%         2x1d4     75%         1
 Kiss of Death            Conj/Necr      0%         2d5       75%         1
 Jinxbite                 Hex            0%         N/A       86%         2
 Confusing Touch          Hex            0%         N/A       98%         3
 Fugue of the Fallen      Necr           0%         N/A       98%         3
 Ozocubu's Armour         Ice            0%         N/A       98%         3
 Dispel Undead            Necr           0%         3d6       100%        4
 Manifold Assault         Tloc           0%         N/A       100%        4
 Yara's Violent Unravell  Hex/Alch       0%         3d3       100%        5
 Plasma Beam              Fire/Air       0%         2x1d10    100%        6
 Starburst                Conj/Fire      0%         6d3       100%        6
 Enfeeble                 Hex            0%         N/A       100%        7


Dungeon Overview and Level Annotations

Branches:
Dungeon (5/15)
 Temple: D:4-7

Altars:
Gozag
The Shining One

Shops:
D:3 ?

Portals:
Abyss: D:3

Annotations:
D:3 samurai's ghost, amateur AtSh


Innate Abilities, Weirdness & Mutations

You are too large for most types of armour.
You have claws for hands.
Your natural rate of healing is unusually fast.
You are covered in fur. (AC +1)
You have tough skin. (AC +1)


Message History

You slash the gnoll bouda!
You kill the gnoll bouda!
You hit the gnoll.
The gnoll is no longer moving quickly.
The gnoll hits you with a +0 club.
The gnoll hits you from afar with a +0 spear.
You block the gnoll's attack. The gnoll hits you but does no damage.
You barely miss the gnoll.
The gnoll is moderately wounded.
The gnoll is no longer moving quickly.
The gnoll hits you from afar with a +0 spear.
The gnoll closely misses you. The gnoll hits you with a +0 club!
You closely miss the gnoll.
The gnoll is moderately wounded.
The gnoll hits you but does no damage. x2; The water moccasin bites you.
You are poisoned.
The water moccasin poisons you! The gnoll barely misses you.
You block the gnoll's attack. x2
You hit the water moccasin.
The water moccasin is lightly wounded.
You barely miss the gnoll.
You feel very sick. The water moccasin barely misses you.
The gnoll hits you with a +0 club.
* * * LOW HITPOINT WARNING * * *
The water moccasin closely misses you.
The gnoll hits you from afar with a +0 spear.
* * * LOW HITPOINT WARNING * * *
The gnoll hits you from afar with a +0 halberd.
* * * LOW HITPOINT WARNING * * *
The gnoll closely misses you.
Unknown command.
You hit the water moccasin but do no damage.
The water moccasin is lightly wounded.
You hit the gnoll but do no damage.
You feel very sick.
The gnoll is no longer moving quickly.
The water moccasin bites you.
* * * LOW HITPOINT WARNING * * *
You are lethally poisoned!
The water moccasin poisons you!
The gnoll hits you from afar with a +0 halberd!
You die...

###..................
#.........##.##....
#........##.).##... .
#####'####.....###+ !.
######...#.......##.
...##............_......
.............#.......#..
.....g.).....##.....###.
.....gS@####..##...###..
.......g# ...##.##....
........# ......##.#..
#.......# .....#...#..
#.......# ###.#.###..
#.......# #........
#.......# #...<###.
######### ####...).
###..>


You could see a water moccasin and 3 gnolls.

Vanquished Creatures
  A phantom (D:5)
  2 scorpions (D:4)
  A bombardier beetle (D:4)
  2 hounds
  2 jellies
  A gnoll bouda (D:5)
  A sleepcap (D:4)
  7 gnolls (D:2)
  3 adders (D:2)
  A shadow imp (D:3)
  6 dart slugs
  4 ribbon worms
  6 orcs
  5 ball pythons
  9 endoplasms
  2 giant cockroaches (D:1)
  2 goblins
  10 hobgoblins
  2 quokkas
  6 bats
  5 frilled lizards
  4 kobolds
  4 rats
86 creatures vanquished.

Notes
Turn   | Place    | Note
-------+----------+-------------------------------------------
     0 | D:1      | Soloscussion the Troll Fighter began the quest for the Orb.
     0 | D:1      | Reached XP level 1. HP: 22/22 MP: 0/0
    58 | D:1      | Reached XP level 2. HP: 29/29 MP: 1/1
   222 | D:1      | Reached skill level 2 in Axes
   402 | D:1      | Reached XP level 3. HP: 32/36 MP: 2/2
  1394 | D:2      | Reached XP level 4. HP: 38/44 MP: 3/3
  1542 | D:2      | Reached skill level 3 in Axes
  1542 | D:2      | Reached XP level 5. HP: 19/53 MP: 4/4
  1789 | D:3      | Found a one-way gate to the infinite horrors of the Abyss.
  1789 | D:3      | Noticed samurai's ghost (amateur AtSh)
  1829 | D:3      | Found a transporter.
  1837 | D:3      | Noticed a small abomination
  1972 | D:3      | Found a faded altar of an unknown god.
  2062 | D:3      | Noticed a small abomination
  2177 | D:3      | Found a glowing drain.
  2318 | D:3      | Found a transporter.
  2365 | D:3      | Found Laalay's Magic Scroll Boutique.
  2877 | D:4      | Found a glowing golden altar of the Shining One.
  2938 | D:4      | Identified the +0 plate armour "Jealusux" {-Cast Will+
                  | rCorr Stlth+}
  3000 | D:4      | Reached XP level 6. HP: 61/61 MP: 5/5
  3079 | D:4      | Reached skill level 4 in Axes
  3667 | D:5      | Entered Level 5 of the Dungeon
  3689 | D:5      | Found an opulent altar of Gozag.
  3762 | D:5      | Reached XP level 7. HP: 67/67 MP: 6/6
  3876 | D:5      | Slain by a gnoll

Illustrated notes

Levels and vault maps discovered:
D:1:      matt_arrival_los_fun, layout_loops_ring, corexii_corridor_pit
D:2:      layout_loops_ring
D:3:      layout_loops_ring, serial_shops, nicolae_shop_pleasant_corner_grove,
          gammafunk_ghost_abyssal_escape, cheibrodos_sewer_entry_bend,
          shapermc_ecumenical_altar_notcrosses, kennysheep_big_empty_room,
          dreamdust_princess_bridge
D:4:      layout_loops_ring, mainiacjoe_overflow_six_doors_small,
          minmay_checkerbox
D:5:      layout_basic, overflow_temple_1_default, lemuel_round_altar,
          uniq_duvessa

Skill      XL: |  1  2  3  4  5  6 |
---------------+-------------------+-----
Axes           | 2 3 4 |  4.6
Shields        | 3 |  3.8
Dodging        | 3 |  3.6
Fighting       | 3 |  3.4
Stealth        | |  0.6

Action                     |  1- 3 |  4- 6 |  7- 9 || total
---------------------------+-------+-------+-------++-------
  Melee: War axe           |   102 |   163 |    15 ||   280
    Use: Scroll            |       |     2 |       ||     2
   Stab: Sleeping          |       |     1 |       ||     1
 Armour: Robe              |    73 |   106 |    26 ||   205
  Dodge: Dodged            |    38 |    72 |    10 ||   120
  Block: Kite shield       |    41 |    71 |    13 ||   125
